 Dungeon Crawl Stone Soup version 0.26-a0-651-gb41185065b (webtiles) character file.

Game seed: 8132864815588630286

69975 Finra the Slingshot (level 15, 0/111 HPs)
             Began as a Halfling Hunter on Oct 16, 2020.
             Was a High Priest of Okawaru.
             Slain by a redback (10 damage)
             ... on level 2 of the Spider Nest on Oct 17, 2020.
             The game lasted 01:29:06 (34819 turns).

Finra the Slingshot (Halfling Hunter)              Turns: 34819, Time: 01:29:06

Health: 0/111      AC: 14    Str: 17    XL:     15   Next: 76%
Magic:  0/15       EV: 15    Int:  9    God:    Okawaru [*****.]
Gold:   1411       SH:  0    Dex: 18    Spells: 14/14 levels left

rFire    + . .     SeeInvis +   Q - +5 hunting sling of the Shallot {freeze, rF+}
rCold    . . .     Faith    .   (shield restricted)
rNeg     . . .     Spirit   +   A - +2 chain mail {rPois}
rPois    +         Reflect  .   W - +2 hat {SInv}
rElec    .         Harm     .   L - +2 cloak {Stlth+}
rCorr    .         Rampage  .   m - +2 pair of gloves
MR       +....                  j - +2 pair of boots
Stlth    ..........             M - amulet of guardian spirit
HPRegen  0.28/turn              o - ring of stealth
MPRegen  0.14/turn              a - ring of flight

@: lethally poisoned (0 -> -33), corroded
A: small, mutation resistance 1
a: Heroism, Finesse, Renounce Religion, Evoke Flight


You were on level 2 of the Spider Nest.
You worshipped Okawaru.
Okawaru was extremely pleased with you.
You visited 5 branches of the dungeon, and saw 24 of its levels.
You also visited: Sewer and Ossuary.

You collected 2140 gold pieces.
You spent 729 gold pieces at shops.

Inventory:

Hand Weapons
 b - a +0 short sword
 u - a +2 hunting sling of flaming
 F - a +2 hunting sling of venom
 G - the +10 whip of Youthful Indiscretion {pain, rF+ Str+3}
   (You found it on level 5 of the Dungeon)

   In the hands of one skilled in necromantic magic, it inflicts extra damage on
   living creatures.
   It affects your strength (+3).
   It protects you from fire.
 Q - the +5 hunting sling of the Shallot (weapon) {freeze, rF+}
   (Okawaru gifted it to you on level 2 of the Orcish Mines)

   It causes projectiles fired from it to freeze those they strike, causing
   extra injury to most foes and up to half again as much damage against
   particularly susceptible opponents.
   They can also slow down cold-blooded creatures.
   It protects you from fire.
Missiles
 k - 235 stones (quivered)
Armour
 e - the +0 scale mail "Dumnasm" {Harm *Slow Dex+6}
   (You bought it in a shop on level 2 of the Orcish Mines)

   It affects your dexterity (+6).
   It may slow you when you take damage.
   It increases damage dealt and taken.
 j - a +2 pair of boots (worn)
 m - a +2 pair of gloves (worn)
 A - a +2 chain mail of poison resistance (worn)
 L - a +2 cloak of stealth (worn)
 R - a +2 hat of magic resistance
 W - a +2 hat of see invisible (worn)
Jewellery
 a - a ring of flight (right hand)
 o - a ring of stealth (left hand)
 q - an uncursed ring of stealth
 I - an uncursed ring of protection from magic
 J - an uncursed ring of wizardry
 M - an amulet of guardian spirit (around neck)
 P - a +4 ring of protection {unknown}
 X - an uncursed ring of fire
Wands
 d - a wand of polymorph (4)
 C - a wand of random effects (11)
 D - a wand of flame (57)
 K - a wand of paralysis (5)
 S - a wand of enslavement (9)
 Z - a wand of acid (5)
Scrolls
 f - 4 scrolls of enchant weapon
 g - a scroll of blinking
 h - 14 scrolls of remove curse
 i - a scroll of magic mapping
 s - 14 scrolls of identify
 w - 8 scrolls of teleportation
 x - 3 scrolls of enchant armour
 B - 2 scrolls of immolation
 H - a scroll of brand weapon
 N - 2 scrolls of fear
 T - 2 scrolls of amnesia
 V - a scroll of fog
Potions
 c - a potion of cancellation {unknown}
 l - a potion of berserk rage {unknown}
 n - a potion of ambrosia
 p - a potion of magic {unknown}
 r - 5 potions of flight
 t - 9 potions of curing
 z - 4 potions of brilliance
 E - 3 potions of might
 U - 2 potions of heal wounds
 Y - a potion of resistance {unknown}
Miscellaneous
 O - a phial of floods


   Skills:
 * Level 13.5 Fighting
 - Level 6.1 Short Blades
 * Level 21.6 Slings
 * Level 11.7 Armour
 * Level 9.3 Dodging
 - Level 1.1 Stealth
 * Level 3.8 Evocations


You had 14 spell levels left.
You didn't know any spells.
Your spell library contained the following spells:

 Spells                   Type           Power        Failure   Level
 Animate Skeleton         Necr           #.....       98%         1
 Apportation              Tloc           #.....       98%         1
 Beastly Appendage        Tmut           #.....       98%         1
 Corona                   Hex            #......      98%         1
 Freeze                   Ice            #...         98%         1
 Magic Dart               Conj           #...         98%         1
 Pain                     Necr           #...         98%         1
 Summon Small Mammal      Summ           #...         98%         1
 Poisonous Vapours        Pois/Air       #.....       99%         2
 Searing Ray              Conj           #.....       99%         2
 Wereblood                Tmut           #.......     99%         2
 Conjure Flame            Conj/Fire      #.......     100%        3
 Dazzling Flash           Conj/Hex       #.....       100%        3
 Mephitic Cloud           Conj/Pois/Air  #.......     100%        3
 Spider Form              Tmut/Pois      #.........   100%        3
 Fulminant Prism          Conj/Hex       #.........   100%        4
 Ice Form                 Ice/Tmut       #.......     100%        4
 Iskenderun's Mystic Bla  Conj/Tloc      #.......     100%        4
 Blade Hands              Tmut           #.........   100%        5
 Freezing Cloud           Conj/Ice/Air   #.........   100%        6


Dungeon Overview and Level Annotations

Branches:
Dungeon (13/15)            Temple (1/1) D:4            Lair (6/6) D:11
 Shoals (0/4) Lair:2       Spider (2/4) Lair:4        Slime (0/5) Lair:5
    Orc (2/2) D:9             Elf (0/3) Orc:2         Sewer (visited)
Ossuary (visited)
 Vaults: D:13-14

Altars:
Elyvilon
Gozag
Makhleb
Nemelex Xobeh
Okawaru
Ru
Sif Muna
Wu Jian
Zin
Beogh

Shops:
D:7 ?*}(!   D:10 =   Orc:1 :   Orc:2 }*[!

Portals:
Abyss: Lair:4
Gauntlet: D:13

Annotations:
Lair:4 2 transporters, Ozorerr's ghost, journeyman DDGl
Lair:6 3 runed translucent doors, donkeybrains's ghost, journeyman TrBe
Spider:1 Roxanne


Innate Abilities, Weirdness & Mutations

You are small and have problems with some larger weapons.
You are somewhat resistant to further mutation.


Message History

You kill the redback!
Okawaru accepts your kill.
* * * LOW HITPOINT WARNING * * *
You feel very sick.
The redback bites you but does no damage.
The redback closely misses you.
The tarantella bites you but does no damage.
The entropy weaver hits you.
* * * LOW HITPOINT WARNING * * *
The entropy weaver hits you but does no damage. x2
The entropy weaver closely misses you.
Firing (i - inventory)
k - 236 stones (quivered)
Press: ? - help, Shift-Dir - straight line, f/p - entropy weaver
Aim: an entropy weaver (lightly wounded)
You shoot a stone.
The stone hits the entropy weaver but does no damage.
The entropy weaver is lightly wounded.
* * * LOW HITPOINT WARNING * * *
You feel sick. The redback bites you!
You die...

#........##
#..........#
.(.......
............#
.........
............#
#........
##.......###
#........
######...##
#(......#
##...###(.....#
##....#as...#
##....@s..#
.........s##..#
...#.#....# .#
..##.####...# #
## #####


You could see an entropy weaver, a tarantella and 2 redbacks.

Vanquished Creatures
  Gastronok (Lair:1)
  An orc warlord (Orc:1)
  An entropy weaver (Spider:1)
  4 hydras
  5 two-headed ogres (Orc:2)
  A catoblepas (Spider:1)
  A queen ant (Spider:1)
  7 death yaks
  4 orc high priests (Orc:2)
  4 orc knights
  An unseen horror (D:13)
  2 orb spiders (Spider:1)
  8 orc sorcerers
  2 wolf spiders (Lair:4)
  A manticore (D:13)
  10 elephants
  6 black mambas
  4 cyclopes (D:12)
  14 cane toads
  A centaur skeleton (D:12)
  8 komodo dragons
  4 demonic crawlers
  3 rime drakes
  4 jumping spiders (Spider:1)
  4 trolls
  A hornet (Spider:2)
  2 polar bears
  A snapping turtle (Lair:2)
  7 hippogriffs
  20 blink frogs
  Sigmund (D:5)
  16 redbacks
  2 wyverns
  3 tarantellas
  23 yaks
  6 basilisks
  A warg (Orc:1)
  10 water moccasins
  6 porcupines
  A swamp drake (Lair:6)
  4 sky beasts
  42 orc warriors
  An ice beast (D:8)
  A phantom (D:12)
  4 black bears
  4 necrophages
  15 ogres
  5 centaurs
  16 wolves
  14 crocodiles
  A big kobold (D:11)
  16 bullfrogs
  2 gnoll sergeants
  2 water moccasin zombies (Ossuary)
  A wyvern skeleton (D:7)
  4 scorpions
  3 wights (D:9)
  9 killer bees
  6 electric eels
  3 howler monkeys
  2 bullfrog skeletons
  28 orc priests
  Crazy Yiuf (D:7)
  5 hounds
  A jelly (D:9)
  14 orc wizards
  3 iguanas
  6 worker ants
  4 hell rats (Lair:3)
  4 big kobold zombies (Ossuary)
  A hound zombie (D:5)
  3 hound skeletons
  2 mummies (Ossuary)
  A worker ant zombie (D:7)
  8 gnolls
  8 adders
  13 river rats (Lair:3)
  2 shadow imps
  A white imp (D:9)
  2 ufetubi
  An adder skeleton (D:8)
  6 adder zombies (Ossuary)
  5 worms
  2 dart slugs
  12 leopard geckos
  100 orcs
  4 giant cockroaches
  7 goblins
  6 hobgoblins
  15 jackals
  10 kobolds
  11 quokkas
  2 ball pythons (Sewer)
  10 bats
  5 frilled lizards
  2 gnoll zombies (Ossuary)
  3 hobgoblin zombies (Ossuary)
  A jackal skeleton (D:5)
  8 kobold zombies (Ossuary)
  A leopard gecko zombie (D:8)
  6 orc zombies (Ossuary)
  A quokka skeleton (D:5)
  18 rats
699 creatures vanquished.

Vanquished Creatures (others)
  2 orc priests (Orc:2)
  20 fungi
  45 plants
  4 toadstools (D:1)
71 creatures vanquished.

Grand Total: 770 creatures vanquished

Notes
Turn   | Place    | Note
-------+----------+-------------------------------------------
     0 | D:1      | Finra the Halfling Hunter began the quest for the Orb.
     0 | D:1      | Reached XP level 1. HP: 14/14 MP: 1/1
    63 | D:1      | Reached skill level 6 in Slings
   411 | D:1      | Reached XP level 2. HP: 19/19 MP: 2/2
  1123 | D:2      | Reached XP level 3. HP: 18/24 MP: 3/3
  1142 | D:2      | Reached skill level 7 in Slings
  1169 | D:2      | Reached skill level 1 in Short Blades
  1273 | D:2      | Reached skill level 1 in Armour
  1697 | D:2      | Reached XP level 4. HP: 29/29 MP: 4/4
  2002 | D:3      | Noticed an ogre
  2029 | D:3      | Killed an ogre
  2029 | D:3      | Reached skill level 8 in Slings
  2029 | D:3      | Reached XP level 5. HP: 13/34 MP: 5/5
  2372 | D:3      | Reached XP level 6. HP: 39/39 MP: 6/6
  2470 | D:3      | Found a glowing drain.
  2500 | Sewer    | Entered a sewer
  3160 | D:4      | Found a staircase to the Ecumenical Temple.
  3199 | Temple   | Entered the Ecumenical Temple
  3204 | Temple   | Became a worshipper of Warmaster Okawaru
  3268 | D:4      | Noticed an ogre
  3274 | D:4      | Killed an ogre
  3274 | D:4      | Reached skill level 9 in Slings
  3532 | D:4      | Found a sand-covered staircase.
  3563 | Ossuary  | Entered an ossuary
  3590 | Ossuary  | Reached XP level 7. HP: 36/45 MP: 7/7
  3757 | Ossuary  | Reached * piety under Okawaru
  3765 | Ossuary  | Reached skill level 10 in Slings
  4216 | D:5      | Entered Level 5 of the Dungeon
  4272 | D:5      | Noticed Sigmund
  4280 | D:5      | Killed Sigmund
  4280 | D:5      | Reached skill level 11 in Slings
  4280 | D:5      | Reached XP level 8. HP: 51/51 MP: 8/8
  4718 | D:5      | Got a dazzling whip
  4719 | D:5      | Identified the +10 whip of Youthful Indiscretion {pain, rF+
                  | Str+3} (You found it on level 5 of the Dungeon)
  5115 | D:6      | Reached ** piety under Okawaru
  5124 | D:6      | Reached skill level 12 in Slings
  5630 | D:7      | Found Ompifere's Antique Weapon Emporium.
  5646 | D:6      | Reached XP level 9. HP: 49/57 MP: 9/9
  5756 | D:7      | Found Mionong's Assorted Antiques.
  5794 | D:7      | Reached skill level 13 in Slings
  5860 | D:7      | Reached *** piety under Okawaru
  6093 | D:7      | Received a gift from Okawaru
  6546 | D:7      | Found Kiqob's Distillery.
  6554 | D:7      | Bought a potion of heal wounds for 60 gold pieces
  6561 | D:7      | Bought a glowing hunting sling for 94 gold pieces
  6613 | D:7      | Found a runed translucent door.
  6614 | D:7      | Noticed Crazy Yiuf
  6723 | D:7      | Found Ijiuwk's Magic Scroll Shoppe.
  6803 | D:6      | Reached skill level 5 in Short Blades
  7104 | D:7      | Found Plog's Gadget Shop.
  7281 | D:7      | Killed Crazy Yiuf
  7619 | D:8      | Received a gift from Okawaru
  7895 | D:8      | Found a glowing silver altar of Zin.
  8148 | D:9      | Reached skill level 14 in Slings
  8148 | D:9      | Reached XP level 10. HP: 65/65 MP: 10/10
  8155 | D:9      | Reached skill level 5 in Fighting
  8155 | D:9      | Reached skill level 5 in Armour
  8171 | D:9      | Received a gift from Okawaru
  8791 | D:9      | Reached **** piety under Okawaru
  8857 | D:9      | Found a staircase to the Orcish Mines.
  8911 | D:9      | Received a gift from Okawaru
  9114 | D:9      | Reached skill level 15 in Slings
  9594 | Orc:1    | Entered Level 1 of the Orcish Mines
  9600 | Orc:1    | Received a gift from Okawaru
  9606 | Orc:1    | Found Nankinki's Book Boutique.
  9713 | Orc:1    | Reached XP level 11. HP: 74/74 MP: 11/11
 10011 | Orc:2    | Entered Level 2 of the Orcish Mines
 10120 | Orc:2    | Noticed a two-headed ogre
 10135 | Orc:2    | Killed a two-headed ogre
 10135 | Orc:2    | Reached ***** piety under Okawaru
 10135 | Orc:2    | Reached skill level 5 in Dodging
 10136 | Orc:2    | Noticed a two-headed ogre
 10148 | Orc:2    | Killed a two-headed ogre
 10148 | Orc:2    | Received a gift from Okawaru
 10148 | Orc:2    | Reached skill level 16 in Slings
 10151 | Orc:2    | Noticed a two-headed ogre
 10159 | Orc:2    | Killed a two-headed ogre
 10381 | Orc:2    | Noticed a two-headed ogre
 10397 | Orc:2    | Killed a two-headed ogre
 10573 | Orc:2    | Received a gift from Okawaru
 10574 | Orc:2    | Got an iridescent hunting sling {god gift}
 10575 | Orc:2    | Identified the +5 hunting sling of the Shallot {freeze,
                  | rF+} (Okawaru gifted it to you on level 2 of the Orcish
                  | Mines)
 10922 | Orc:2    | Noticed an orc sorcerer
 10929 | Orc:2    | Paralysed by an orc sorcerer for 6 turns
 10952 | Orc:2    | Killed an orc sorcerer
 11111 | Orc:2    | Noticed an orc sorcerer
 11118 | Orc:2    | Killed an orc sorcerer
 11177 | Orc:2    | Noticed an orc knight
 11200 | Orc:2    | Killed an orc knight
 11316 | Orc:2    | Reached skill level 17 in Slings
 11316 | Orc:2    | Reached XP level 12. HP: 84/84 MP: 12/12
 11439 | Orc:2    | Noticed an orc warlord
 11571 | D:10     | Entered Level 10 of the Dungeon
 11604 | D:10     | Found Jean's Jewellery Boutique.
 11865 | D:10     | Reached ****** piety under Okawaru
 11866 | D:10     | Received a gift from Okawaru
 12655 | D:10     | HP: 4/85 [something (2)]
 12676 | D:10     | HP: 4/85 [something (4)]
 13487 | D:11     | Found a staircase to the Lair.
 14130 | Lair:1   | Entered Level 1 of the Lair of Beasts
 14530 | Lair:1   | Noticed Gastronok
 14550 | Lair:1   | Killed Gastronok
 14651 | Lair:1   | Reached skill level 18 in Slings
 14668 | Lair:1   | Reached skill level 10 in Fighting
 14925 | Lair:1   | Noticed an eight-headed hydra
 14929 | Lair:1   | Killed an eight-headed hydra
 14929 | Lair:1   | Reached XP level 13. HP: 92/92 MP: 13/13
 15350 | Lair:2   | Received a gift from Okawaru
 15406 | Lair:2   | Noticed a five-headed hydra
 15422 | Lair:2   | Killed a five-headed hydra
 16536 | Lair:2   | Reached skill level 19 in Slings
 16816 | Lair:2   | Found a staircase to the Shoals.
 17229 | D:12     | Identified Aloj's Spellweaving, Part One
 18584 | D:11     | Identified a scroll of acquirement
 18584 | D:11     | Acquired an uncursed ring of flight
 18740 | D:13     | Found a gate leading to a gauntlet.
 19157 | Orc:1    | HP: 4/95 [orc warlord/+2 vorpal war axe (8)]
 19157 | Orc:1    | HP: 1/95 [orc warlord/+2 vorpal war axe (3)]
 19159 | Orc:1    | Killed an orc warlord
 19672 | Orc:2    | Received a gift from Okawaru
 19876 | Orc:2    | Found a roughly hewn altar of Beogh.
 20133 | Orc:1    | Found a roughly hewn altar of Beogh.
 21214 | Orc:2    | Found Xusattaa's Antique Armour Boutique.
 21570 | Orc:2    | Bought an ancient scale mail for 270 gold pieces
 21570 | Orc:2    | Identified the +0 scale mail "Dumnasm" {Harm *Slow Dex+6}
                  | (You bought it in a shop on level 2 of the Orcish Mines)
 21571 | Orc:2    | Bought a glowing chain mail for 225 gold pieces
 21625 | Orc:2    | Reached XP level 14. HP: 55/102 MP: 8/14
 21866 | Orc:2    | Found Coel's Distillery.
 22254 | Orc:2    | Paralysed by an orc sorcerer for 5 turns
 22323 | Orc:2    | Bought a potion of heal wounds for 80 gold pieces
 22487 | Orc:2    | Found a roughly hewn altar of Beogh.
 22526 | Orc:2    | Found Deodeale's Gadget Shop.
 23217 | Orc:2    | Reached skill level 20 in Slings
 23244 | Orc:2    | Reached skill level 10 in Armour
 23327 | Orc:2    | Found a staircase to the Elven Halls.
 23384 | Orc:2    | Paralysed by an orc sorcerer for 4 turns
 23816 | Orc:2    | Found Kimpuab's Assorted Antiques.
 25399 | Lair:3   | Received a gift from Okawaru
 25955 | Lair:3   | Received a gift from Okawaru
 26120 | Lair:4   | Reached skill level 1 in Evocations
 26122 | Lair:4   | Found a transporter.
 26355 | Lair:4   | Found a hole to the Spider Nest.
 26538 | Lair:4   | Received a gift from Okawaru
 26705 | Lair:4   | Identified the +9 trident "Wiekk" {distort, *Slow +Inv +Fly
                  | Int-3}
 26733 | Lair:4   | Found a one-way gate to the infinite horrors of the Abyss.
 26746 | Lair:4   | Noticed Ozorerr's ghost (journeyman DDGl)
 27026 | Lair:4   | Found a transporter.
 27320 | Lair:5   | Received a gift from Okawaru
 27409 | Lair:5   | Found a staircase to the Slime Pits.
 27890 | Lair:6   | Entered Level 6 of the Lair of Beasts
 28217 | Lair:5   | Reached XP level 15. HP: 90/109 MP: 13/15
 28415 | Lair:6   | Reached skill level 21 in Slings
 29889 | Lair:6   | Noticed donkeybrains's ghost (journeyman TrBe)
 29986 | Lair:5   | Received a gift from Okawaru
 30314 | Lair:6   | Found a runed translucent gate.
 30316 | Lair:6   | Found a runed translucent gate.
 30318 | Lair:6   | Found a runed translucent gate.
 30349 | Lair:6   | Received a gift from Okawaru
 31805 | Spider:1 | Entered Level 1 of the Spider Nest
 33184 | Spider:1 | Noticed an emperor scorpion
 33216 | Spider:1 | HP: 2/111 [emperor scorpion (11)]
 33728 | Spider:1 | an emperor scorpion changed into a queen ant
 33811 | Spider:1 | Noticed an emperor scorpion
 34018 | Spider:1 | an emperor scorpion changed into a catoblepas
 34242 | Spider:1 | Noticed Roxanne
 34819 | Spider:2 | Slain by a redback

Illustrated notes

Levels and vault maps discovered:
D:1:      ldierk_water_garden, layout_basic
D:2:      layout_loops_ring
D:3:      layout_loops_ring, gup_sewer_entry_pipe, corexii_corridor_pit
D:4:      layout_loops_ring, minmay_temple_entry_butterflies, enter_ossuary_1,
          chequers_serial_rivers_large_a, serial_bayou_lagoon_a, nrook_uturn
D:5:      layout_basic, uniq_sigmund
D:6:      layout_cave_pools
D:7:      layout_rooms, serial_shops, shop, kennysheep_little_box, shop,
          shop_fountains, shop, minivault_19, uniq_crazy_yiuf_cottage
D:8:      layout_loops_ring, zin_academy
D:9:      layout_loops_ring, david_orc_2, hangedman_decor_diamond_cutter
D:10:     layout_basic, serial_shops, shop, hangedman_decor_riveting,
          lemuel_flame_loot_1
D:11:     layout_long_grid, lair_entry_dummy
D:12:     layout_basic
D:13:     layout_gridville, serial_shops, shop, gauntlet_entry_generic
Temple:   compressed_dpeg_triangle_lava_temple
Lair:1:   layout_regular_city, serial_bayou_lagoon_b, infiniplex_staircase_pool,
          grunt_megastairs_3, uniq_gastronok
Lair:2:   layout_cave_shapes, minmay_shoals_entry_hut, minivault_25
Lair:3:   lemuel_ratsnest, layout_gridlike
Lair:4:   layout_gridlike, spider_nest_entry_webs,
          gammafunk_ghost_abyssal_escape, lemuel_fruit_tree
Lair:5:   layout_gridlike, slime_dummy, grunt_megastairs_2
Lair:6:   guppyfry_lair_end_dragon, layout_regular_city, wormcave,
          maelrawn_ghost_gauntlet_escape, nicolae_quartered_pool_medium
Spider:1: layout_spider_delve, uniq_roxanne
Spider:2: layout_chambers, nicolae_spider_cling_ruins, uniq_arachne, uniq_aizul
Orc:1:    layout_caves, basic_altar, serial_shops, shop
Orc:2:    pubby_orc_utopia, serial_shops

Skill      XL: |  1  2  3  4  5  6  7  8  9 10 11 12 13 14 15 |
---------------+----------------------------------------------+-----
Slings         | 6 7 8 9 11 12 14 15 17 18 19 20 21 | 21.6
Short Blades   | 1 2 3 4 5 6 |  6.1
Armour         | 1 2 3 4 5 7 8 9 10 11 | 11.7
Fighting       | 2 3 4 6 8 10 11 12 13 | 13.5
Dodging        | 3 4 5 6 7 8 9 |  9.3
Evocations     | 2 3 |  3.8
Stealth        | |  1.1

Action                   |  1- 3 |  4- 6 |  7- 9 | 10-12 | 13-15 || total
-------------------------+-------+-------+-------+-------+-------++-------
Melee: Short sword       |    49 |       |       |    13 |       ||    62
       Hunting sling     |       |       |       |     2 |       ||     2
 Fire: Hunting sling     |    34 |   128 |   468 |   782 |  1791 ||  3203
Invok: Heroism           |       |       |     1 |     3 |     6 ||    10
       Finesse           |       |       |       |       |     1 ||     1
 Abil: Evoke Flight      |       |       |       |       |     1 ||     1
Evoke: Wand              |       |       |       |       |     4 ||     4
  Use: Scroll            |     9 |       |     7 |     1 |    18 ||    35
       Potion            |       |       |     7 |     3 |     4 ||    14
 Stab: Sleeping          |     1 |       |       |       |       ||     1
Armor: Leather armour    |    24 |     4 |       |       |       ||    28
       Scale mail        |       |     3 |    44 |   153 |    49 ||   249
       Chain mail        |       |       |       |       |   514 ||   514
Dodge: Dodged            |    53 |    27 |    57 |   186 |   676 ||   999

Table legend: (Time is in decaauts)
 A = Elapsed time spent in this place.
 B = Non-inter-level travel time spent in this place.
 C = Inter-level travel time spent in this place.
 D = Time resting spent in this place.
 E = Time spent auto-exploring this place.
 F = Levels seen in this place.
 G = Mean time per level.
                   A        B        C        D        E       F      G
               +--------+--------+--------+--------+--------+-----+--------+
         Total |  33783 |  32501 |   1282 |  10260 |  16401 |  26 | 1299.3 |
       Dungeon |  13575 |  13005 |    570 |   3200 |   7806 |  13 | 1044.2 |
        Temple |     10 |      6 |      4 |      0 |      0 |   1 |   10.0 |
          Lair |  10213 |   9743 |    470 |   2839 |   4976 |   6 | 1702.2 |
   Spider Nest |   1747 |   1708 |     39 |    603 |    776 |   2 |  873.5 |
  Orcish Mines |   7522 |   7324 |    198 |   3617 |   2315 |   2 | 3761.0 |
         Sewer |    404 |    404 |      0 |      0 |    331 |   1 |  404.0 |
       Ossuary |    308 |    308 |      0 |      0 |    195 |   1 |  308.0 |
               +--------+--------+--------+--------+--------+-----+--------+

Top non-repeatable levels by time:
   Orc:2: 4764 daAuts
  Lair:5: 3743 daAuts
   Orc:1: 2757 daAuts
  Lair:4: 2122 daAuts
    D:11: 1999 daAuts
  Lair:2: 1526 daAuts
    D:12: 1491 daAuts
     D:7: 1466 daAuts
  Lair:1: 1287 daAuts
     D:9: 1281 daAuts
Spider:1: 1251 daAuts
    D:10: 1084 daAuts
     D:1: 1037 daAuts
     D:8: 1025 daAuts
     D:3: 947 daAuts
